 Dungeon Crawl Stone Soup version 0.22-a0-38-gc6ec8ce517 (webtiles) character file.

36 Kaname the Magician (level 3, 0/24 HPs)
             Began as a Demonspawn Wizard on Jan 4, 2018.
             Slain by a worm (12 damage)
             ... on level 2 of the Dungeon.
             The game lasted 00:03:33 (1457 turns).

Kaname the Magician (Demonspawn Wizard)             Turns: 1457, Time: 00:03:34

Health: 0/24       AC:  3    Str:  7    XL:     3   Next: 19%
Magic:  0/7        EV: 12    Int: 20    God:
Gold:   133        SH:  0    Dex: 11    Spells: 2/8 levels left

rFire    . . .     SeeInvis .   e - +0 spear
rCold    . . .     Gourm    .   (no shield)
rNeg     . . .     Faith    .   a - +0 robe
rPois    +         Spirit   .   b - +0 hat
rElec    .         Reflect  .   (no cloak)
rCorr    .         Harm     .   n - +0 pair of gloves
MR       .....                  (no boots)
Stlth    +++.......             (no amulet)
HPRegen  0.08/turn              m - ring of poison resistance
MPRegen  0.10/turn              (no ring)

@: no status effects
A: claws 1, nightstalker 1
a: no special abilities


You were on level 2 of the Dungeon.
You were hungry.

You visited 1 branch of the dungeon, and saw 2 of its levels.

You collected 133 gold pieces.

Inventory:

Hand Weapons
 e - a +0 spear (weapon)
Missiles
 g - 5 tomahawks (quivered)
 k - 20 arrows
Armour
 a - a +0 robe (worn)
 b - a +0 hat (worn)
 n - a +0 pair of gloves (worn)
Jewellery
 m - a ring of poison resistance (left hand)
Scrolls
 i - a scroll of teleportation {unknown}
 j - a scroll of identify {unknown}
 l - a scroll of fear {unknown}
Potions
 f - a potion of curing {unknown}
 h - a potion of haste {unknown}
Books
 c - a book of Minor Magic

   Spells                             Type                      Level
   a - Magic Dart                     Conjuration                  1
   b - Blink                          Translocation                2
   c - Call Imp                       Summoning                    2
   d - Slow                           Hexes                        2
   e - Conjure Flame                  Conjuration/Fire             3
   f - Mephitic Cloud                 Conjuration/Poison/Air       3
Comestibles
 d - 2 rations


   Skills:
 - Level 1.7 Dodging
 - Level 1.7 Stealth
 - Level 3.0 Spellcasting
 - Level 3.0 Conjurations
   Level 1.0 Summonings
 - Level 1.1 Translocations
 + Level 0.1 Poison Magic


You had 2 spell levels left.
You knew the following spells:

 Your Spells              Type           Power        Failure   Level  Hunger
a - Magic Dart            Conj           ###.         4%          1    None
b - Blink                 Tloc           N/A          14%         2    ##.....
c - Mephitic Cloud        Conj/Pois/Air  #.......     28%         3    ###....


Dungeon Overview and Level Annotations

Branches:
Dungeon (2/15)

Altars:


Innate Abilities, Weirdness & Mutations

You have sharp fingernails.
You are slightly more attuned to the shadows.


Message History

The worm is severely wounded.
The worm barely misses you.
You barely miss the worm.
The worm is heavily wounded.
You barely miss the worm.
The worm is heavily wounded.
The worm bites you.
You are too injured to fight recklessly!
Casting: Magic Dart
Confirm with . or Enter, or press ? or * to list all spells.
Aiming: Magic Dart
Press: ? - help, Shift-Dir - straight line, f/p - worm
Aim: a worm (heavily wounded)
The magic dart hits the worm.
The worm is severely wounded.
You hit the worm.
The worm is almost dead.
The worm bites you!
Ouch! That really hurt!
You die...

#....................#.#.(....
#...........#........#.#......
#...........#.................
#...........#................#
###.........#................#
#......####...........#. .
#.............##........
......#.......#.........
#....@w.#.........
+...............##
#...............#
....#####......(.# ....
#.....#### ... #.....# ..
#.....###.# #.........#
#...........


You could see a worm.

Vanquished Creatures
  An adder (D:2)
  An ooze (D:2)
  A worm (D:2)
  A leopard gecko (D:1)
  A bat (D:1)
  A giant cockroach (D:1)
  3 goblins
  3 hobgoblins
  3 frilled lizards
  2 kobolds
  4 rats
21 creatures vanquished.

Notes
Turn   | Place    | Note
-------+----------+-------------------------------------------
     0 | D:1      | Kaname the Demonspawn Wizard began the quest for the Orb.
     0 | D:1      | Reached XP level 1. HP: 13/13 MP: 4/4
   435 | D:1      | Gained mutation: You have sharp fingernails. [demonic ancestry]
   435 | D:1      | Reached XP level 2. HP: 10/19 MP: 3/6
   801 | D:1      | You fall through a shaft!
  1212 | D:2      | Gained mutation: You are slightly more attuned to the shadows. [demonic ancestry]
  1212 | D:2      | Reached XP level 3. HP: 5/24 MP: 0/7
  1216 | D:2      | Learned a level 2 spell: Blink
  1220 | D:2      | Learned a level 3 spell: Mephitic Cloud
  1315 | D:2      | Reached skill level 1 in Translocations
  1457 | D:2      | Slain by a worm

Vault maps used:
D:1:      minmay_arrival_shattered_statue
D:2:      nicolae_overflow_hidden_temple, lemuel_doored_altar, amethyst_killhole

Skill      XL: |  1  2  3 |
---------------+----------+-----
Conjurations   | 2 3 |  3.0
Translocations | 1 |  1.1
Dodging        | |  1.7
Stealth        | |  1.7
Spellcasting   | |  3.0
Summonings     | |  1.0
Poison Magic   | |  0.1

Action                   || total
-------------------------++-------
Melee: Spear             ||    33
       Unarmed           ||     4
 Cast: Magic Dart        ||    63
 Stab: Sleeping          ||     1
  Eat: Chunk             ||     1
Armor: Robe              ||     7
Dodge: Dodged            ||    22

Table legend:
 A = Spawn XP
 B = Non-spawn XP
 C = Spawn XP percentage of total XP
 D = Spawn monster count
 E = Non-spawn monster count
 F = Spawn count percentage of total count
 G = Total turns spent on level
                    A         B        C        D         E        F      G
               +---------+---------+-------+---------+---------+-------+---------
         Total |       0 |      52 |   0.0 |       0 |      21 |   0.0 |  1457
               +---------+---------+-------+---------+---------+-------+---------
           D:1 |       0 |      18 |   0.0 |       0 |      11 |   0.0 |  1005
           D:2 |       0 |      34 |   0.0 |       0 |      10 |   0.0 |   452
               +---------+---------+-------+---------+---------+-------+---------
